 Dungeon Crawl Stone Soup version 0.23-a0-151-gf6d1ed2717 (webtiles) character file.

35 Jesh the Vexing (level 3, 0/16 HPs)
             Began as a Spriggan Enchanter on Sept 8, 2018.
             Slain by a goblin (2 damage)
             ... on level 2 of the Dungeon.
             The game lasted 00:03:28 (1314 turns).

Jesh the Vexing (Spriggan Enchanter)                Turns: 1314, Time: 00:03:29

Health: 0/16       AC:  2    Str:  4    XL:     3   Next: 16%
Magic:  7/9        EV: 18    Int: 17    God:
Gold:   37         SH:  0    Dex: 16    Spells: 0/9 levels left

rFire    . . .     SeeInvis +   a - +1 dagger
rCold    . . .     Gourm    .   (shield restricted)
rNeg     . . .     Faith    .   b - +0 robe
rPois    .         Spirit   .   (helmet restricted)
rElec    .         Reflect  .   (no cloak)
rCorr    .         Harm     .   (gloves unavailable)
MR       .....                  (boots unavailable)
Stlth    +++.......             (no amulet)
HPRegen  0.05/turn              (no ring)
MPRegen  0.11/turn              (no ring)

@: very quick
A: very small, unfitting armour, see invisible, herbivore, speed 3, slow
metabolism 2
a: no special abilities


You were on level 2 of the Dungeon.
You were not hungry.

You visited 1 branch of the dungeon, and saw 2 of its levels.

You collected 37 gold pieces.

Inventory:

Hand Weapons
 a - a +1 dagger (weapon)
Armour
 b - a +0 robe (worn)
Jewellery
 f - an uncursed ring of ice
Scrolls
 g - a scroll of magic mapping {unknown}
Potions
 e - a potion of might {unknown}
 h - a potion of curing {unknown}
Comestibles
 d - 4 rations


   Skills:
 - Level 1.1 Short Blades
 - Level 3.0 Dodging
 - Level 4.4 Stealth
 + Level 3.8 Spellcasting
 + Level 4.5 Hexes


You couldn't memorise any spells.
You knew the following spells:

 Your Spells              Type           Power        Failure   Level  Hunger
a - Ensorcelled Hibernat  Hex/Ice        ##....       10%         2    ##.....
b - Corona                Hex            ###....      2%          1    None
c - Confuse               Hex            ###.....     8%          3    ###....
d - Tukima's Dance        Hex            ###.....     8%          3    ###....

Your spell library contained the following spells:

 Spells                   Type           Power        Failure   Level  Hunger
 Dazzling Spray           Conj/Hex       ##....       19%         3    ###....


Dungeon Overview and Level Annotations

Branches:
Dungeon (2/15)

Altars:

Annotations:
D:2 Robin


Innate Abilities, Weirdness & Mutations

You are very small and have problems with some larger weapons.
You are too small for most types of armour.
You have supernaturally acute eyesight. (SInv)
You are a herbivore.
You cover ground extremely quickly.
You need to consume almost no food.


Message History

The goblin is severely wounded.
The goblin completely misses you. The goblin closely misses you.
It was a potion of magic.
Magic courses through your body. The goblin hits you with a club.
* * * LOW HITPOINT WARNING * * *
The goblin misses you.
Casting: Confuse (safe; 8% risk of failure)
Confirm with . or Enter, or press ? or * to list all spells.
Aiming: Ensorcelled Hibernation (safe; 10% risk of failure)
Press: ? - help, Shift-Dir - straight line, f - goblin
Aim: a goblin (heavily wounded, unusually strong, chance to defeat MR: 59%)
The goblin resists with significant effort.
The hobgoblin no longer looks unusually strong.
The goblin no longer looks unusually strong.
Robin roars a battlecry!
The goblins go into a battle-frenzy!
The goblin hits you with a club.
* * * LOW HITPOINT WARNING * * *
The goblin hits you.
You die...

#8...8##....≈≈.gg(...≈≈..#
##.....##.#).†g..(....#.#.#
8.....8#...#####.##.###..#
#.....####g# #.#.## #.#
8...8 #g# #..# #.# ##>##
#g# ###. ## #########g# #.
#.###.##g# #. #.....##@# #.
#####.##g# #....# #..###
#..# #.†# #..# #..# #..#


You could see Robin, 2 hobgoblins and 3 goblins.

Vanquished Creatures
  An ooze (D:1)
  A worm (D:2)
  A dart slug (D:2)
  2 giant cockroaches (D:1)
  5 goblins
  2 hobgoblins (D:1)
  2 kobolds (D:1)
  2 bats (D:1)
  3 frilled lizards
  9 rats
28 creatures vanquished.

Vanquished Creatures (others)
  2 goblins (D:2)
  A hobgoblin (D:2)
3 creatures vanquished.

Grand Total: 31 creatures vanquished

Notes
Turn   | Place    | Note
-------+----------+-------------------------------------------
     0 | D:1      | Jesh the Spriggan Enchanter began the quest for the Orb.
     0 | D:1      | Reached XP level 1. HP: 9/9 MP: 5/5
   536 | D:1      | Reached XP level 2. HP: 13/13 MP: 7/7
   540 | D:1      | Learned a level 2 spell: Ensorcelled Hibernation
  1097 | D:2      | Reached XP level 3. HP: 15/16 MP: 6/9
  1102 | D:2      | Learned a level 3 spell: Confuse
  1108 | D:2      | Learned a level 3 spell: Tukima's Dance
  1266 | D:2      | Noticed Robin
  1314 | D:2      | Slain by a goblin

Vault maps used:
D:1:      dpeg_chamrin_arrival_tetris, corexii_item_surrounded_by_moat
D:2:      lemuel_crystal_altar, nicolae_overflow_hidden_temple,
          chequers_ecumenical_altar_island, lemuel_old_faithful, uniq_robin

Skill      XL: |  1 |
---------------+----+-----
Spellcasting   | 3 |  3.8
Hexes          | 4 |  4.5
Short Blades   | |  1.1
Dodging        | |  3.0
Stealth        | |  4.4

Action                   || total
-------------------------++-------
Melee: Dagger            ||    82
 Cast: Corona            ||     5
       Ensorcelled Hiber ||    12
       Confuse           ||     1
  Use: Scroll            ||     1
       Potion            ||     1
 Stab: Sleeping          ||    13
Armor: Robe              ||     4
Dodge: Dodged            ||    87

Table legend:
 A = Non-vault XP
 B = Vault XP
 C = Vault XP percentage of total XP
 D = Non-vault monster count
 E = Vault monster count
 F = Vault count percentage of total count
                 A         B        C        D         E       F
            +---------+---------+-------+---------+---------+-------
      Total |      46 |       4 |   8.0 |      26 |       2 |   7.1
            +---------+---------+-------+---------+---------+-------
        D:1 |      35 |       0 |   0.0 |      22 |       0 |   0.0
        D:2 |      11 |       4 |  26.7 |       4 |       2 |  33.3
            +---------+---------+-------+---------+---------+-------
